 Dungeon Crawl Stone Soup version 0.25.0-9-g26727b657a (webtiles) character file.

Game seed: 424978068123855864

5595 dwimo the Cleaver (level 10, -1/77 HPs)
             Began as a Minotaur Berserker on June 18, 2020.
             Was an Elder of Trog.
             Slain by an unseen horror (6 damage)
             ... on level 10 of the Dungeon.
             The game lasted 00:38:03 (10661 turns).

dwimo the Cleaver (Minotaur Berserker)             Turns: 10661, Time: 00:38:03

Health: -1/77      AC: 10    Str: 24      XL:     10   Next: 45%
Magic:  9/9        EV: 12    Int:  3 (4)  God:    Trog [****..]
Gold:   649        SH:  0    Dex: 17      Spells: 9/9 levels left

rFire    . . .     SeeInvis .   f - +0 war axe
rCold    . . .     Gourm    .   (no shield)
rNeg     . . .     Faith    .   x - +0 acid dragon scales
rPois    .         Spirit   .   (helmet restricted)
rElec    .         Reflect  .   b - +0 cloak
rCorr    +         Harm     .   (no gloves)
MR       +....                  (no boots)
Stlth    +.........             C - amulet of regeneration
HPRegen  0.62/turn              p - +6 ring of dexterity
MPRegen  0.11/turn              (no ring)

@: berserk cooldown, slowed, very slow
A: retaliatory headbutt, claws 1, horns 2, deterioration 1, magic resistance 1
a: Berserk, Trog's Hand, Brothers in Arms, Renounce Religion


You were on level 10 of the Dungeon.
You worshipped Trog.
Trog was greatly pleased with you.
You were hungry.

You visited 2 branches of the dungeon, and saw 11 of its levels.

You collected 649 gold pieces.

Inventory:

Hand Weapons
 a - a +0 hand axe
 f - a +0 war axe (weapon)
 k - a +0 battleaxe
 l - a +1 battleaxe of freezing
Armour
 b - a +0 cloak (worn)
 s - a +0 chain mail
 u - a +0 kite shield
 x - +0 acid dragon scales (worn)
Jewellery
 c - the amulet of the Jackalope {Acrobat Str+5}
   (You found it on level 6 of the Dungeon)

   [amulet of the acrobat]

   It helps you evade while moving and waiting.
   It affects your strength (+5).
 p - a +6 ring of dexterity (left claw)
 C - an amulet of regeneration (around neck)
Wands
 e - a wand of polymorph (15)
 j - a wand of random effects (38)
 w - a wand of flame (20)
 y - a wand of paralysis (12)
Scrolls
 d - 4 scrolls of enchant armour
 o - a scroll of remove curse
 q - 5 scrolls of teleportation
 r - a scroll of amnesia {unknown}
 t - 4 scrolls of identify
 v - a scroll of torment {unknown}
 A - 3 scrolls of fear {unknown}
 D - a scroll of blinking {unknown}
Potions
 g - 4 potions of curing
 h - 3 potions of flight
 i - 2 potions of lignification
 n - a potion of might {unknown}
 z - a potion of stabbing
 B - a potion of cancellation {unknown}
Comestibles
 m - 14 rations
 E - 5 chunks of flesh


   Skills:
 - Level 3.6 Fighting
 * Level 14.6 Axes
 - Level 9.9 Armour
 - Level 2.1 Dodging
 + Level 5.8 Shields


You had 9 spell levels left.
You didn't know any spells.
Your spell library was empty.

Dungeon Overview and Level Annotations

Branches:
Dungeon (10/15)            Temple (1/1) D:4            Lair (0/6) D:9
    Orc (0/2) D:9

Altars:
Ashenzari
Cheibriados
Dithmenos
Elyvilon
Fedhas
Gozag
Hepliaklqana
Kikubaaqudgha
Makhleb
Nemelex Xobeh
Okawaru
Qazlal
Ru
Sif Muna
Trog
Uskayaw
Vehumet
Wu Jian
Xom
Yredelemnul
Zin
The Shining One


Innate Abilities, Weirdness & Mutations

You reflexively headbutt those who attack you in melee.
You have a pair of horns on your head.
You have sharp fingernails.
Your body sometimes deteriorates upon taking damage.
You are resistant to hostile enchantments. (MR+)


Message History

You closely miss something. You headbutt something. Something hits you.
* * * LOW HITPOINT WARNING * * *
You hit something. You headbutt something! Something hits you.
* * * LOW HITPOINT WARNING * * *
You miss something. Something hits you.
* * * LOW HITPOINT WARNING * * *
Something hits you.
* * * LOW HITPOINT WARNING * * *
You feel a strong urge to attack something.
Something hits you!
* * * LOW HITPOINT WARNING * * *
Items here: )) [ ÷ a +0 dagger; a +0 robe; a +0 hand axe; an orc skeleton Something hits you but does no damage.
You feel your anger nearly subside.
You are no longer berserk.
You are exhausted.
You feel yourself slow down. Something hits you!
* * * LOW HITPOINT WARNING * * *
Something hits you.
You die...

##### .. ...#
############ #.##.#
##.###...<.......
#..#.#
#.))..@##########
.#..# #.÷########
#.#.# #..........
#.###.#.###..#######.
#.............#
..............#
#..##.#.###...#
#..##.#.# #...######..
#.......###...........


There were no monsters in sight!

Vanquished Creatures
  Pikel (D:6)
  Maggie (D:8)
  A troll (D:8)
  A hippogriff (D:9)
  Sigmund (D:2)
  A spriggan (D:7)
  4 yaks (D:9)
  Duvessa (D:7)
  A porcupine (D:9)
  An orc warrior (D:9)
  2 black bears
  A sky beast (D:6)
  A slave (D:6)
  4 ogres
  3 centaurs
  A crocodile (D:9)
  A big kobold (D:9)
  6 bullfrogs
  Dowan (D:7)
  A gnoll sergeant (D:6)
  A scorpion (D:7)
  3 killer bees (D:7)
  5 wights (D:6)
  A howler monkey (D:9)
  3 crimson imps
  5 hounds
  3 jellies
  2 centaur zombies
  8 orc priests
  A bullfrog skeleton (D:6)
  7 orc wizards
  Jessica (D:3)
  Ijyb (D:3)
  2 iguanas
  3 worker ants
  Terence (D:3)
  A hound zombie (D:10)
  A worker ant zombie (D:2)
  10 gnolls
  9 adders
  3 shadow imps
  An ooze (D:5)
  6 worms
  A dart slug (D:5)
  4 leopard geckos
  25 orcs
  A ball python (D:3)
  3 giant cockroaches
  11 goblins
  5 hobgoblins
  6 jackals
  4 quokkas
  6 bats
  2 frilled lizards (D:3)
  A jackal skeleton (D:3)
  8 kobolds
  A quokka skeleton (D:7)
  10 rats
200 creatures vanquished.

Vanquished Creatures (others)
  2 slaves (D:6)
2 creatures vanquished.

Grand Total: 202 creatures vanquished

Notes
Turn   | Place    | Note
-------+----------+-------------------------------------------
     0 | D:1      | dwimo the Minotaur Berserker began the quest for the Orb.
     0 | D:1      | Reached XP level 1. HP: 19/19 MP: 0/0
   351 | D:1      | Reached skill level 4 in Axes
  1018 | D:2      | Reached XP level 2. HP: 16/26 MP: 1/1
  1023 | D:2      | HP: 1/26 [gnoll/+0 spear (2)]
  1624 | D:2      | Reached XP level 3. HP: 31/31 MP: 2/2
  1661 | D:2      | Reached skill level 5 in Axes
  1970 | D:2      | Noticed Sigmund
  1988 | D:2      | Killed Sigmund
  1988 | D:2      | Reached skill level 6 in Axes
  1988 | D:2      | Reached XP level 4. HP: 7/39 MP: 3/3
  1988 | D:2      | Reached XP level 5. HP: 8/45 MP: 4/4
  3056 | D:3      | Noticed Terence
  3071 | D:3      | Killed Terence
  3071 | D:3      | Reached skill level 7 in Axes
  3071 | D:3      | Reached XP level 6. HP: 51/51 MP: 5/5
  3328 | D:3      | Reached skill level 5 in Armour
  3416 | D:3      | Reached ** piety under Trog
  3475 | D:3      | Noticed Jessica
  3480 | D:3      | Killed Jessica
  3494 | D:3      | Noticed Ijyb
  3516 | D:3      | Killed Ijyb
  3660 | D:3      | Found a shimmering altar of Xom.
  4103 | D:3      | Reached skill level 8 in Axes
  4484 | D:4      | Reached XP level 7. HP: 39/57 MP: 6/6
  4695 | D:4      | Found an ancient bone altar of Kikubaaqudgha.
  5200 | D:4      | Reached skill level 9 in Axes
  5357 | D:4      | Found a staircase to the Ecumenical Temple.
  5363 | Temple   | Entered the Ecumenical Temple
  5602 | Temple   | Gained mutation: You are resistant to hostile enchantments.
                  | (MR+) [potion of mutation]
  5602 | Temple   | Gained mutation: Your body sometimes deteriorates upon
                  | taking damage. [potion of mutation]
  5602 | Temple   | Gained mutation: You have sharp fingernails. [potion of
                  | mutation]
  5752 | D:5      | Entered Level 5 of the Dungeon
  5869 | D:5      | You fall into a shaft and drop 2 floors!
  5869 | D:7      | Found a bloodstained altar of Trog.
  5869 | D:7      | Noticed a moth of wrath
  5870 | D:7      | Noticed Duvessa
  5870 | D:7      | Noticed Dowan
  5883 | D:7      | Killed Duvessa
  5889 | D:7      | Killed Dowan
  5889 | D:7      | Reached *** piety under Trog
  5915 | D:5      | Reached XP level 8. HP: 42/64 MP: 7/7
  6167 | D:5      | Found a hazy altar of Hepliaklqana.
  6383 | D:5      | Reached skill level 10 in Axes
  6889 | D:6      | Noticed Pikel
  6905 | D:6      | Reached skill level 11 in Axes
  6950 | D:6      | Reached **** piety under Trog
  7170 | D:6      | Killed Pikel
  7170 | D:6      | Reached skill level 12 in Axes
  7170 | D:6      | Reached XP level 9. HP: 68/70 MP: 8/8
  7223 | D:6      | Got a scintillating zirconium amulet
  7934 | D:7      | Reached skill level 1 in Shields
  8460 | D:8      | Noticed Maggie
  8477 | D:8      | Killed Maggie
  8477 | D:8      | Reached skill level 13 in Axes
  8676 | D:8      | Found a sparkling altar of Nemelex Xobeh.
  8679 | D:8      | Found a white marble altar of Elyvilon.
  8682 | D:8      | Found an iron altar of Okawaru.
  8769 | D:8      | Noticed a troll
  8779 | D:8      | Killed a troll
  9469 | D:9      | Reached XP level 10. HP: 66/77 MP: 9/9
 10015 | D:9      | Reached skill level 14 in Axes
 10088 | D:9      | Reached skill level 5 in Shields
 10158 | D:9      | Found a glowing golden altar of the Shining One.
 10163 | D:9      | Found a basalt altar of Yredelemnul.
 10165 | D:9      | Noticed a profane servitor
 10327 | D:9      | Found a staircase to the Orcish Mines.
 10380 | D:9      | Found a staircase to the Lair.
 10395 | D:9      | Identified the amulet of the Jackalope {Acrobat Str+5} (You
                  | found it on level 6 of the Dungeon)
 10505 | D:9      | Noticed an angel
 10548 | D:10     | Entered Level 10 of the Dungeon
 10661 | D:10     | Slain by an unseen horror

Illustrated notes

Levels and vault maps discovered:
D:1:      psy_arrival_statuary, layout_basic, corexii_item_surrounded_by_moat
D:2:      layout_basic, uniq_sigmund
D:3:      layout_basic, tgw_xom, uniq_terence, uniq_jessica, uniq_ijyb
D:4:      cheibrodos_greedy_goblins, layout_basic, kiku_gazebo_pond_becter,
          minmay_temple_entry_fiery, first_ration
D:5:      layout_rooms, kennysheep_little_box
D:6:      layout_cave_pools, nrook_campfire, uniq_pikel
D:7:      layout_rooms, tgw_trog, the_bakery, dk_noncrumbling_3, uniq_duvessa
D:8:      layout_loops_ring, grunt_temple_overflow_diamond,
          chequers_serial_rivers_small_b, uniq_maggie
D:9:      layout_rooms, grunt_temple_overflow_holy_war,
          grunt_lair_entry_orc_guard_hut, grunt_ministairs_10
D:10:     layout_loops_ring
Temple:   dpeg_chambers_temple

Skill      XL: |  1  2  3  4  5  6  7  8  9 10 |
---------------+-------------------------------+-----
Axes           | 4 6 7 8 9 12 13 14 | 14.6
Armour         | 3 4 5 6 8 9 |  9.9
Shields        | 4 5 |  5.8
Fighting       | |  3.6
Dodging        | |  2.1

Action                   |  1- 3 |  4- 6 |  7- 9 | 10-12 || total
-------------------------+-------+-------+-------+-------++-------
Melee: Hand axe          |    48 |   133 |   162 |       ||   343
       Headbutt          |    14 |    22 |    77 |    33 ||   146
       Battleaxe         |       |       |    51 |       ||    51
       War axe           |       |       |   100 |   120 ||   220
Invok: Berserk           |     1 |     3 |     3 |     2 ||     9
  Use: Scroll            |       |     2 |     6 |     1 ||     9
       Potion            |       |       |     5 |     1 ||     6
  Eat: Ration            |     2 |     1 |     2 |       ||     5
       Chunk             |       |     4 |    12 |     5 ||    21
Armor: Leather armour    |    21 |    24 |     8 |       ||    53
       Chain mail        |       |       |   126 |       ||   126
       Acid dragon scale |       |       |     7 |    50 ||    57
Dodge: Dodged            |    42 |    63 |   121 |    56 ||   282
